 Dungeon Crawl Stone Soup version 0.31-a0-204-g7da18cac08 (webtiles) character file.

Game seed: 15642169205948842803

10 qw the Shooter (level 2, 0/16 HPs)
             Began as a Deep Elf Hunter on June 27, 2023.
             Succumbed to their own poison gas
             ... on level 1 of the Dungeon.
             The game lasted 00:00:06 (198 turns).

qw the Shooter (Deep Elf Hunter)                     Turns: 198, Time: 00:00:06

Health: 0/16       AC:  3    Str:  8    XL:     2   Next: 10%
Magic:  4/4        EV: 12    Int: 13    God:
Gold:   24         SH:  0    Dex: 18    Spells: 1/1 levels left

rFire   . . .        Y - +0 shortbow
rCold   . . .        (shield currently unavailable)
rNeg    . . .        c - +0 leather armour
rPois   .            (helmet restricted)
rElec   .            (no cloak)
rCorr   .            (no gloves)
SInv    .            (no boots)
Will    .....        (no amulet)
Stlth   ++           (no ring)
HPRegen 0.22/turn    (no ring)
MPRegen 0.09/turn

%: no passive effects
@: lethally poisoned (0 -> -9)
A: antennae 1, mutation resistance 1
a: no special abilities


You were on level 1 of the Dungeon.
You visited 1 branch of the dungeon, and saw 1 of its levels.

You collected 24 gold pieces.


Innate Abilities, Weirdness & Mutations

You have a pair of small antennae on your head.
You are somewhat resistant to further mutation.


   Skills:
 - Level 1.5 Fighting
 + Level 6.0 Ranged Weapons
 - Level 2.4 Dodging
 - Level 1.2 Stealth


You had one spell level left.
You didn't know any spells.
Your spell library was empty.

Inventory:

Hand Weapons
 Y - a +0 shortbow (weapon)
Armour
 c - a +0 leather armour (worn)
Potions
 e - a potion of mutation
 g - a potion of degeneration {unknown}

Dungeon Overview and Level Annotations

Branches:
Dungeon (1/15)

Altars:


Message History

Found a leather armour.
Enter note:
Enter note:
e - 2 amethyst potions (gained 1)
An endoplasm comes into view.
Enter note:
Enter note: An endoplasm is nearby!
192 ||| READING scroll labelled HUFRUA TOXTO.
The air fills with toxic fumes!
As you read the scroll labelled HUFRUA TOXTO, it crumbles to dust.
It was a scroll of poison.
An endoplasm is nearby!
193 ||| READING scroll labelled WAVYSHIREDGH.
As you read the scroll labelled WAVYSHIREDGH, it crumbles to dust.
It is a scroll of identify.
Really abort (and waste the scroll)?
An endoplasm is nearby!
194 ||| DRINKING 2 amethyst potions.
It was a potion of mutation.
You feel extremely strange. A pair of antennae grows on your head!
You feel genetically stable.
An endoplasm is nearby!
195 ||| DROPPING scroll of butterflies.
You drop a scroll of butterflies.
An endoplasm is nearby!
An endoplasm is nearby!
Enter note:
Enter note: Really walk into that cloud of poison gas?
You are engulfed in poison gas.
You are lethally poisoned!
Ouch! That really hurt!
You feel very sick.
Enter note:
Enter note:
Enter note:
Enter note:
197 ||| Stepping ~*~*~tactically~*~*~ (cloud).
You feel very sick.
You see here a scroll of butterflies.
There is a lethal amount of poison in your body!
You die...

~~~~##+# # #.#
#####... J..###
###...#.# #....##
.#..###[### ###..#..#
....##....# 0¤.....#
.....#....# #¤###..#
..........# ##¤#[#..#
...)......####¤¤###.#
............##¤¤@¤¤¤#
..........#.00¤#¤####
.....(....##¤¤##¤#
..........###...¤####
....%#....# #...¤0..#
......##### #...¤¤..#
......# #...¤0..#
......# #########
......#


You could see an endoplasm (asleep).

Vanquished Creatures
  A dart slug (D:1)
  A ball python (D:1)
  2 hobgoblins (D:1)
  2 kobolds (D:1)
  A frilled lizard (D:1)
  A rat (D:1)
8 creatures vanquished.

Notes
Turn   | Place    | Note
-------+----------+-------------------------------------------
     0 | D:1      | qw the Deep Elf Hunter began the quest for the Orb.
     0 | D:1      | Reached XP level 1. HP: 12/12 MP: 3/3
     0 | D:1      | 0 ||| qw: Version: 0.3-a-22-g0ed2b0b
     0 | D:1      | 0 ||| qw: Game counter: 6570
     0 | D:1      | 0 ||| qw: Melee chars always use a shield: true
     0 | D:1      | 0 ||| qw: God list: Okawaru
     0 | D:1      | 0 ||| qw: Allow faded altars: false
     0 | D:1      | 0 ||| qw: Do Orc after clearing Dungeon:15 true
     0 | D:1      | 0 ||| qw: Do second Lair branch before Depths: true
     0 | D:1      | 0 ||| qw: Lair rune preference: random
     0 | D:1      | 0 ||| qw: Goals: Normal
     0 | D:1      | 0 ||| PLANNING D:1-11
   154 | D:1      | Reached skill level 6 in Ranged Weapons
   154 | D:1      | Reached XP level 2. HP: 16/16 MP: 4/4
   192 | D:1      | 192 ||| READING scroll labelled HUFRUA TOXTO.
   193 | D:1      | 193 ||| READING scroll labelled WAVYSHIREDGH.
   194 | D:1      | 194 ||| DRINKING 2 amethyst potions.
   194 | D:1      | Gained mutation: You have a pair of small antennae on your
                  | head. [potion of mutation]
   194 | D:1      | Gained mutation: You are somewhat resistant to further
                  | mutation. [potion of mutation]
   195 | D:1      | 195 ||| DROPPING scroll of butterflies.
   196 | D:1      | HP: 4/16 [poisoned by you (poison gas)]
   197 | D:1      | 197 ||| Stepping ~*~*~tactically~*~*~ (cloud).
   198 | D:1      | Succumbed to their own poison gas

Levels and vault maps discovered:
D:1:      wander_arrival_chamber, layout_rooms, item_on_display_a

Skill      XL: |  1 |
---------------+----+-----
Ranged Weapons | 6 |  6.0
Fighting       | |  1.5
Dodging        | |  2.4
Stealth        | |  1.2

Action                     || total
---------------------------++-------
   Fire: Shortbow          ||    14
    Use: Scroll            ||     2
         Potion            ||     1
  Dodge: Dodged            ||     7

Table legend:
 A = Non-vault XP
 B = Vault XP
 C = Vault XP percentage of total XP
 D = Non-vault monster count
 E = Vault monster count
 F = Vault count percentage of total count
                 A         B        C        D         E       F
            +---------+---------+-------+---------+---------+-------
      Total |      15 |       0 |   0.0 |       8 |       0 |   0.0
            +---------+---------+-------+---------+---------+-------
        D:1 |      15 |       0 |   0.0 |       8 |       0 |   0.0
            +---------+---------+-------+---------+---------+-------
